 Dungeon Crawl Stone Soup version 0.31-a0-988-g08d55da (webtiles) character file.

Game seed: 6274074435918417487

108690 PurpleRed the Fencer (level 16, -4/93 HPs)
             Began as a Deep Elf Delver on Nov 4, 2023.
             Was the Champion of Hepliaklqana.
             Slain by an ettin
             ... wielding a +0 dire flail
              (20 damage)
             ... on level 1 of the Orcish Mines.
             The game lasted 01:17:59 (22212 turns).

PurpleRed the Fencer (Deep Elf Delver)             Turns: 22212, Time: 01:18:00

Health: -4/93      AC: 30    Str:  9    XL:     16   Next: 3%
Magic:  0/25       EV: 10    Int: 20    God:    Hepliaklqana [******]
Gold:   1651       SH: 17    Dex: 22    Spells: 15/15 levels left

rFire   . . .        f - +10 falchion (flame)
rCold   . . .        X - +0 tower shield {AC+3}
rNeg    . . .        q - +8 chain mail "Upyacoug" {Int+2}
rPois   .            F - +1 hat
rElec   .            G - +1 cloak
rCorr   .            B - +1 pair of gloves
SInv    .            O - +2 pair of boots
Will    +....        A - amulet of guardian spirit
Stlth   +            J - +4 ring of slaying
HPRegen 0.35/turn    N - +5 ring of evasion
MPRegen 0.19/turn

%: guardian spirit
@: no status effects
A: reduced essence
a: Renounce Religion, Recall Ancestor, Ancestor Identity, Transference, Idealise


You were on level 1 of the Orcish Mines.
You worshipped Hepliaklqana.
Hepliaklqana was exalted by your worship.
You visited 4 branches of the dungeon, and saw 22 of its levels.
You visited the Abyss 1 time.
You also visited: Volcano.

You collected 1651 gold pieces.

Inventory:

Hand Weapons
 b - a +5 great sword
 f - a +10 falchion of flaming (weapon)
Missiles
 w - 7 curare-tipped darts
Armour
 d - +0 fire dragon scales
 q - the +8 chain mail "Upyacoug" (worn) {Int+2}
   (You took it off an orc on level 3 of the Dungeon)

   Int+2:     It affects your intelligence (+2).
 r - a +0 buckler
 u - a +0 helmet
 v - the +7 chain mail of the Eight of Pentacles {+Blink}
   (You found it on level 1 of the Lair of Beasts)

   +Blink:    It lets you blink.
 B - a +1 pair of gloves (worn)
 F - a +1 hat (worn)
 G - a +1 cloak (worn)
 O - a +2 pair of boots (worn)
 X - a +0 tower shield of protection (worn)
 Y - +0 acid dragon scales
Jewellery
 p - an amulet of magic regeneration
 y - the ring of Past Mistakes {Ice Dex+2 Stlth+}
   (You found it on level 2 of the Lair of Beasts)

   [ring of ice]

   Ice:       It enhances your ice magic.
   Dex+2:     It affects your dexterity (+2).
   rF-:       It makes you vulnerable to fire.
   rC+:       It protects you from cold.
   Stlth+:    It makes you more stealthy.
 A - an amulet of guardian spirit (around neck)
 H - a +4 ring of protection
 J - a +4 ring of slaying (left hand)
 K - a ring of willpower
 N - a +5 ring of evasion (right hand)
 V - a ring of see invisible
 Z - a ring of flight
Wands
 g - a wand of digging (8)
 i - a wand of roots (15)
 L - a wand of charming (7)
 U - a wand of acid (2)
Scrolls
 a - 2 scrolls of blinking
 c - 5 scrolls of fog
 e - 3 scrolls of teleportation
 j - a scroll of poison
 o - a scroll of silence
 x - a scroll of revelation
 E - 2 scrolls of fear
 M - a scroll of enchant armour
 R - a scroll of immolation
Potions
 h - a potion of mutation
 k - 3 potions of magic
 l - 3 potions of cancellation
 n - 5 potions of curing
 s - 4 potions of heal wounds
 t - 4 potions of attraction
 z - 2 potions of might
 C - 3 potions of haste
 D - 4 potions of enlightenment
 I - 2 potions of berserk rage
 P - 5 potions of ambrosia
 Q - 2 potions of lignification
 S - a potion of resistance
 T - 2 potions of invisibility
 W - 2 potions of brilliance
Miscellaneous
 m - a lightning rod (4/4)


   Skills:
 + Level 13.6 Fighting
 - Level 2.0(11.2) Short Blades
 + Level 15.6 Long Blades
 - Level 8.0 Armour
 - Level 12.0 Dodging
 - Level 6.0 Stealth
 + Level 7.1 Shields
 - Level 10.0 Invocations


You had 15 spell levels left.
You didn't know any spells.
Your spell library contained the following spells:

 Spells                   Type           Power      Damage    Failure   Level
 Apportation              Tloc           0%         N/A       100%        1
 Summon Small Mammal      Summ           0%         N/A       100%        1
 Ensorcelled Hibernation  Hex/Ice        0%         N/A       100%        2
 Jinxbite                 Hex            0%         N/A       100%        2
 Passwall                 Tmut/Erth      0%         N/A       100%        2
 Call Canine Familiar     Summ           0%         N/A       100%        3
 Dazzling Flash           Conj/Hex       0%         N/A       100%        3
 Inner Flame              Hex/Fire       0%         N/A       100%        3
 Summon Guardian Golem    Hex/Summ       0%         N/A       100%        3
 Swiftness                Air            0%         N/A       100%        3
 Anguish                  Hex/Necr       0%         N/A       100%        4
 Flame Wave               Conj/Fire      0%         2d4       100%        4
 Sticky Flame             Conj/Fire      0%         2d3       100%        4
 Agony                    Necr           0%         N/A       100%        5
 Alistair's Intoxication  Tmut/Pois      0%         N/A       100%        5
 Silence                  Hex/Air        0%         N/A       100%        5
 Yara's Violent Unravell  Hex/Tmut       0%         3d3       100%        5
 Conjure Ball Lightning   Conj/Air       0%         3x3d6     100%        6
 Enfeeble                 Hex            0%         N/A       100%        7
 Discord                  Hex            0%         N/A       100%        8
 Disjunction              Tloc           0%         N/A       100%        8


Dungeon Overview and Level Annotations

Branches:
Dungeon (15/15)            Temple (1/1) D:4            Lair (5/5) D:8
  Swamp (0/4) Lair:2       Spider (0/4) Lair:2        Slime (0/5) Lair:5
    Orc (1/2) D:11         Vaults (0/5) D:14         Depths (0/4) D:15
Volcano (visited)

Altars:
Ashenzari
Cheibriados
Dithmenos
Elyvilon
Fedhas
Gozag
Hepliaklqana
Kikubaaqudgha
Makhleb
Nemelex Xobeh
Okawaru
Qazlal
Ru
Sif Muna
Uskayaw
Vehumet
Wu Jian
Xom
Yredelemnul
Zin
The Shining One
Jiyva
Lugonu

Annotations:
D:3 Ozzieoiler's ghost, amateur MfIE
D:15 2 runed translucent doors, Nopny's ghost, adept FoHu


Message History

Deactivating autopickup; reactivate with Ctrl-A.
The orc warrior closely misses you.
You slash the orc! You burn the orc.
You kill the orc!
You block the orc warrior's attack.
The ettin hits you with a +0 dire flail.
You block the ettin's attack.
The orc knight roars a battlecry!
The orcs go into a battle-frenzy!
Something hits you but does no damage.
The orc warrior hits you from afar with a +0 trident!
BingBong hits the orc knight with a +0 quarterstaff!
The orc knight dies!
You slash the orc priest! You burn the orc priest.
The orc priest is severely wounded.
The orc warrior hits you with a +0 scimitar!
Something hits you but does no damage.
The orc hits BingBong with a +0 war axe.
You block the orc warrior's attack.
The ettin hits you with a +0 dire flail!
The ettin barely misses you. You block something's attack.
You block the orc priest's attack.
The orc priest hits BingBong with a +2 hand axe of holy wrath.
BingBong hits the orc with a +0 quarterstaff!!
The orc dies!
Something barely misses BingBong.
The orc warrior hits you with a +0 scimitar!!
* * * LOW HITPOINT WARNING * * *
You slash the orc priest! You burn the orc priest.
You kill the orc priest!
The orc warrior hits you but does no damage.
The ogre hits you with a +0 giant club.
* * * LOW HITPOINT WARNING * * *
The ettin misses you. The ettin closely misses you. Something hits you.
* * * LOW HITPOINT WARNING * * *
BingBong misses something.
You block something's attack. You block the orc warrior's attack.
You block something's attack.
The orc warrior hits you but does no damage.
The ettin hits you with a +0 dire flail!!
You die...

#...#..........
....#.......... .
#..............
..#..............
.#.............#.
................#
......ooo........
#.....)Ro<.......
......)@.o.#.....
#.....C)O........
##....$....$.>.$.
....#.#..........
##............$.#
..........#....$.
..........#......
...............


You could see the friendly BingBong the battlemage, an ettin, 2 orc warriors, an
ogre and 3 orcs.

Vanquished Creatures
  Jorgrun (D:12)
  A draconian shifter (Abyss:2)
  A lorocyproca (Abyss:2)
  A minotaur (D:13)
  Josephine (Lair:3)
  An ettin (D:14)
  2 fire dragons
  Harold (D:10)
  3 hydras
  Erolcha (D:11)
  A naga warrior (Abyss:2)
  6 two-headed ogres
  2 centaur warriors
  A deep troll earth mage (D:15)
  6 death yaks (Lair:5)
  A boulder beetle (D:14)
  A thrashing horror (Abyss:2)
  3 tengu warriors
  Nergalle (D:11)
  A shadow wraith (D:14)
  A large abomination (Abyss:2)
  A skyshark (Lair:5)
  A wretched star (Abyss:2)
  A deep troll (D:14)
  A sea snake (Lair:5)
  2 bog bodies (Lair:2)
  An arcanist (D:14)
  A harpy (Lair:5)
  An orc knight (D:15)
  5 ugly things
  A manticore (D:15)
  An orc sorcerer (D:15)
  3 cyclopes
  A worldbinder (Abyss:2)
  3 salamanders (Volcano)
  A stone giant skeleton (Abyss:2)
  Joseph (D:10)
  4 elephants (Lair:3)
  A naga mage (Abyss:2)
  4 black mambas
  A smoke demon (Abyss:2)
  7 cane toads
  2 gargoyles (D:13)
  An efreet (D:10)
  A kobold demonologist (D:9)
  5 rime drakes (Lair:5)
  8 komodo dragons
  3 trolls
  A hornet (D:15)
  A raiju (Abyss:2)
  An ettin zombie (Abyss:2)
  2 raiju (shapeshifter) (D:14)
  17 blink frogs
  An air elemental (Abyss:2)
  A vampire (D:9)
  Sigmund (D:2)
  5 slime creatures
  A water elemental (Abyss:2)
  A shadow (D:11)
  2 fire bats (Volcano)
  8 wraiths
  2 starcursed masses (Abyss:2)
  A yak (shapeshifter) (D:15)
  34 yaks
  5 wyverns
  8 vampire mosquitoes
  3 steam dragons
  4 basilisks
  A neqoxec (Abyss:2)
  A swamp worm (shapeshifter) (D:15)
  2 acid dragons
  13 water moccasins
  3 swamp worms (Lair:5)
  5 black bears
  A sky beast (D:6)
  3 orc warriors
  13 wolves
  2 boggarts
  4 ogres
  A phantom (D:4)
  4 centaurs
  A small abomination (Abyss:2)
  10 bullfrogs
  4 scorpions
  4 wights
  11 killer bees
  5 howler monkeys
  6 jellies
  Crazy Yiuf (D:6)
  A gnoll bouda (D:7)
  A hound (D:6)
  3 orc priests
  A sleepcap (D:6)
  2 hell rats (Lair:2)
  An iguana (D:5)
  9 orc wizards
  11 adders
  10 gnolls
  A white imp (D:6)
  An ufetubus (Abyss:2)
  2 worms
  2 dart slugs
  41 orcs
  7 endoplasms
  A giant cockroach (D:2)
  8 goblins
  8 hobgoblins
  4 jackals (D:1)
  5 kobolds
  6 quokkas
  14 ball pythons
  A bat (D:1)
  3 rats
436 creatures vanquished.

Vanquished Creatures (collateral kills)
  A purple draconian (Abyss:2)
  An ettin (Orc:1)
  A hydra (D:13)
  A merfolk avatar (Lair:5)
  Erica (D:9)
  4 boulder beetles
  4 two-headed ogres
  3 death yaks (Lair:5)
  4 centaur warriors
  Sonja (Lair:5)
  A skyshark (Lair:5)
  A wretched star (Abyss:2)
  A lindwurm (Lair:4)
  A starcursed mass (Abyss:2)
  2 deep elf pyromancers
  5 ugly things
  An orc knight (Orc:1)
  2 manticores
  A will-o-the-wisp (Abyss:2)
  A cyclops (D:15)
  3 black mambas
  A guardian serpent (shapeshifter) (D:15)
  An elephant (Lair:5)
  2 guardian serpents
  A torpor snail (Lair:4)
  A gargoyle (D:14)
  7 cane toads
  2 unseen horrors (D:11)
  3 rime drakes
  8 komodo dragons
  A meliai (Lair:2)
  A tyrant leech (Lair:5)
  2 wind drakes (Lair:5)
  A polar bear (Lair:3)
  A raiju (Abyss:2)
  9 blink frogs
  6 slime creatures
  A shadow (D:13)
  A centaur simulacrum (Abyss:2)
  A vampire (D:10)
  12 yaks
  2 wraiths
  A fire bat (Volcano)
  4 wyverns
  4 basilisks
  2 steam dragons
  2 vampire mosquitoes
  A swamp worm (Lair:5)
  A swamp worm (shapeshifter) (D:14)
  An acid dragon (D:8)
  4 water moccasins
  An ice beast (D:8)
  A swamp drake (D:11)
  3 orc warriors
  5 wolves
  2 boggarts (D:15)
  4 centaurs
  10 bullfrogs
  3 wights (D:9)
  4 killer bees
  An electric eel (D:8)
  3 howler monkeys
  3 orc priests (D:11)
  A gnoll bouda (Lair:2)
  2 hell rats (Lair:2)
  3 orc wizards
  3 gnolls (D:7)
  A shadow imp (D:7)
  An ufetubus (Abyss:2)
  28 orcs
  2 endoplasms (Lair:5)
205 creatures vanquished.

Vanquished Creatures (others)
  A steam dragon (Volcano)
  20 battlemagi
  2 foxfires (Abyss:2)
23 creatures vanquished.

Grand Total: 664 creatures vanquished

Notes
Turn   | Place    | Note
-------+----------+-------------------------------------------
     0 | D:5      | PurpleRed the Deep Elf Delver began the quest for the Orb.
     0 | D:5      | Reached XP level 1. HP: 13/13 MP: 3/3
    26 | D:6      | Noticed a hound
    26 | D:6      | Noticed a howler monkey
    36 | D:6      | Noticed a scorpion
    93 | D:5      | Noticed an ogre
   122 | D:7      | Noticed a gnoll bouda
   122 | D:7      | Noticed a bullfrog
   195 | D:4      | Found a glowing silver altar of Zin.
   417 | D:2      | Reached XP level 2. HP: 18/18 MP: 4/4
   699 | D:1      | Reached skill level 1 in Long Blades
   699 | D:1      | Reached XP level 3. HP: 14/23 MP: 5/5
  1130 | D:1      | Found a faded altar of an unknown god.
  1452 | D:2      | Reached skill level 2 in Long Blades
  1452 | D:2      | Reached XP level 4. HP: 16/28 MP: 6/6
  1580 | D:2      | Noticed Sigmund
  2088 | D:2      | Killed Sigmund
  2089 | D:2      | Reached skill level 3 in Long Blades
  2089 | D:2      | Reached XP level 5. HP: 28/33 MP: 7/7
  2244 | D:3      | Reached XP level 6. HP: 36/38 MP: 8/8
  2403 | D:3      | Found a runed translucent gate.
  2404 | D:3      | Found a runed translucent gate.
  2405 | D:3      | Found a runed translucent gate.
  2405 | D:3      | Identified the +8 chain mail "Upyacoug" {Int+2}
  2407 | D:3      | Noticed Ozzieoiler's ghost (amateur MfIE)
  2510 | D:4      | Reached skill level 4 in Long Blades
  2562 | D:4      | Found a glowing golden altar of the Shining One.
  2611 | D:4      | Reached skill level 1 in Armour
  2657 | D:4      | Reached XP level 7. HP: 44/44 MP: 9/9
  2833 | D:4      | Found a staircase to the Ecumenical Temple.
  2842 | Temple   | Entered the Ecumenical Temple
  2869 | Temple   | Became a worshipper of Hepliaklqana the Forgotten
  3004 | D:4      | Found an iron altar of Okawaru.
  3152 | D:4      | Identified the +2 war axe "Voroic" {flame, rF++}
  3240 | D:5      | Reached skill level 5 in Long Blades
  3533 | D:5      | Reached skill level 5 in Fighting
  3642 | D:5      | Reached * piety under Hepliaklqana
  3715 | D:5      | Reached skill level 6 in Long Blades
  3715 | D:5      | Reached XP level 8. HP: 44/44 MP: 10/10
  4024 | D:6      | Found an opulent altar of Gozag.
  4276 | D:6      | Found a runed translucent door.
  4277 | D:6      | Noticed Crazy Yiuf
  4283 | D:6      | Killed Crazy Yiuf
  4428 | D:6      | Reached skill level 7 in Long Blades
  4665 | D:7      | Reached XP level 9. HP: 49/49 MP: 11/11
  4827 | D:7      | Reached ** piety under Hepliaklqana
  4828 | D:7      | Remembered your ancestor BingBong as a battlemage
  4889 | D:7      | Found a hide-covered altar of Uskayaw.
  4922 | D:7      | Reached skill level 8 in Long Blades
  5214 | D:8      | Found a blossoming altar of Fedhas.
  5223 | D:8      | Identified the +5 spear "Dosire" {heavy, Fly rF+ Int-4
                  | SInv}
  5449 | D:8      | Found a basalt altar of Yredelemnul.
  5712 | D:8      | Found a staircase to the Lair.
  5746 | D:8      | Reached skill level 9 in Long Blades
  5755 | D:8      | Reached *** piety under Hepliaklqana
  5945 | D:9      | Noticed a brown ugly thing
  5955 | D:9      | Killed a brown ugly thing
  5974 | D:9      | Found a snail-covered altar of Cheibriados.
  5974 | D:9      | Found a shadowy altar of Dithmenos.
  6002 | D:9      | Found a broken altar of Ashenzari.
  6038 | D:9      | Noticed a kobold demonologist
  6046 | D:9      | Noticed an orange demon
  6052 | D:9      | Killed a kobold demonologist
  6053 | D:9      | Reached XP level 10. HP: 40/56 MP: 12/12
  6182 | D:9      | Reached skill level 5 in Dodging
  6187 | D:9      | Reached skill level 11 in Long Blades
  6187 | D:9      | Reached skill level 5 in Armour
  6187 | D:9      | Reached XP level 11. HP: 45/61 MP: 12/16
  6270 | D:9      | Found a white marble altar of Elyvilon.
  6423 | D:9      | Noticed Erica
  6437 | D:9      | Killed Erica
  6646 | D:9      | Noticed a two-headed ogre
  6666 | D:9      | Killed a two-headed ogre
  6995 | D:10     | Entered Level 10 of the Dungeon
  7024 | D:10     | Noticed Joseph
  7035 | D:10     | Killed Joseph
  7131 | D:10     | Found a sparkling altar of Nemelex Xobeh.
  7152 | D:10     | Reached skill level 5 in Invocations
  7395 | D:10     | Reached **** piety under Hepliaklqana
  7768 | D:10     | Noticed Harold
  7776 | D:10     | Killed Harold
  7863 | D:10     | Noticed a two-headed ogre
  7868 | D:10     | Killed a two-headed ogre
  8184 | D:11     | Reached skill level 12 in Long Blades
  8427 | D:11     | Noticed Erolcha
  8436 | D:11     | Killed Erolcha
  8521 | D:11     | Noticed a two-headed ogre
  8530 | D:11     | Killed a two-headed ogre
  8531 | D:11     | Reached XP level 12. HP: 67/67 MP: 18/18
  8887 | D:11     | Noticed a two-headed ogre
  8893 | D:11     | Killed a two-headed ogre
  9024 | D:11     | Found a staircase to the Orcish Mines.
  9167 | D:12     | Noticed Nergalle
  9211 | D:12     | Noticed a two-headed ogre
  9229 | D:11     | Killed Nergalle
  9269 | D:12     | Killed a two-headed ogre
  9365 | D:12     | Noticed a two-headed ogre
  9646 | D:12     | Killed a two-headed ogre
  9647 | D:12     | Reached skill level 13 in Long Blades
  9688 | D:12     | Noticed Jorgrun
  9706 | D:12     | Killed Jorgrun
 10419 | Lair:1   | Entered Level 1 of the Lair of Beasts
 10444 | Lair:1   | Reached ***** piety under Hepliaklqana
 10457 | Lair:1   | Reached skill level 10 in Dodging
 10773 | Lair:1   | Reached XP level 13. HP: 62/72 MP: 18/21
 11167 | Lair:1   | Identified the +7 chain mail of the Eight of Pentacles
                  | {+Blink}
 11186 | Lair:1   | Reached skill level 10 in Fighting
 11482 | Lair:2   | Found a hole to the Spider Nest.
 12307 | Lair:2   | Found a staircase to the Swamp.
 12733 | Lair:2   | Identified the ring of Past Mistakes {Ice Dex+2 Stlth+}
 13607 | Lair:3   | Noticed Josephine
 13617 | Lair:3   | Killed Josephine
 13670 | Lair:3   | Reached XP level 14. HP: 27/81 MP: 9/22
 15131 | Lair:5   | Entered Level 5 of the Lair of Beasts
 15131 | Lair:5   | Found a viscous altar of Jiyva.
 15488 | Lair:5   | Reached skill level 10 in Invocations
 15548 | Lair:5   | Found a dark tunnel.
 15561 | Volcano  | Entered a volcano
 15814 | Volcano  | Reached skill level 1 in Shields
 16539 | Lair:5   | Noticed Sonja
 16543 | Lair:5   | HP: 4/82 [Sonja/+1 dagger of distortion (9)]
 16543 | Abyss:2  | Cast into level 2 of the Abyss (Sonja)
 16561 | Abyss:2  | Paralysed by an air elemental for 1 turns
 16563 | Abyss:2  | Paralysed by an air elemental for 1 turns
 16567 | Abyss:2  | Paralysed by an air elemental for 1 turns
 16730 | Abyss:2  | Reached skill level 5 in Shields
 17035 | Abyss:2  | Noticed a purple draconian shifter
 17073 | Abyss:2  | Killed a purple draconian shifter
 17074 | Abyss:2  | Reached skill level 14 in Long Blades
 17154 | Abyss:2  | Reached XP level 15. HP: 34/86 MP: 18/24
 17332 | Lair:5   | Escaped the Abyss
 17350 | Lair:5   | Killed Sonja
 17611 | Lair:5   | Reached ****** piety under Hepliaklqana
 17901 | Lair:5   | Found a staircase to the Slime Pits.
 18759 | D:13     | Found a runed translucent door.
 19617 | D:14     | Reached skill level 15 in Long Blades
 20139 | D:14     | a ghost moth changed into a storm dragon
 20139 | D:14     | Noticed a storm dragon (glowing shapeshifter)
 20140 | D:14     | a storm dragon changed into a quicksilver ooze
 20339 | D:14     | Found a gate to the Vaults.
 21082 | D:15     | Entered Level 15 of the Dungeon
 21116 | D:15     | Paralysed by an orc sorcerer for 4 turns
 21389 | D:15     | Found a staircase to the Depths.
 21675 | D:15     | Reached XP level 16. HP: 90/93 MP: 23/25
 22041 | D:15     | Found a large runed translucent door.
 22041 | D:15     | Found a large runed translucent door.
 22042 | D:15     | Noticed Nopny's ghost (adept FoHu)
 22199 | Orc:1    | Entered Level 1 of the Orcish Mines
 22212 | Orc:1    | Slain by an ettin

Illustrated notes

Levels and vault maps discovered:
D:1:      nagdon_arrival_zigzag_paths, layout_basic,
          hellmonk_ecumenical_altar_slurped_away, st_stairs_3,
          minmay_tetromino_l4
D:2:      layout_basic, uniq_sigmund
D:3:      layout_loops_ring, mainiacjoe_overflow_alcove_1,
          biasface_ghost_orc_armoury
D:4:      corexii_shack_village, layout_rooms,
          mainiacjoe_overflow_cross_hatched,
          mainiacjoe_overflow_surrounded_room, okawaru_ov_weapons_minmay,
          minmay_temple_entry_large_hall, minmay_increasing_density
D:5:      layout_gridville
D:6:      layout_loops_ring, mainiacjoe_overflow_six_doors_small,
          uniq_crazy_yiuf_cottage
D:7:      layout_basic, nicolae_uskayaw_dance_hall, kennysheep_generic_room_15
D:8:      layout_cave_pools, marbit_many_paths, fedhas_altar_1,
          lair_entry_dummy, st_stairs_8, nicolae_lava_and_water,
          chequers_serial_rivers_micro_a, hangedman_abyss_or_decor_lesser_grid
D:9:      layout_basic, elyvilon_altar_3, cheibrodos_ashenzari_chains,
          gammafunk_temple_overflow_wave, kennysheep_another_room, uniq_erica
D:10:     layout_irregular_city, lemuel_doored_altar, uniq_harold, uniq_joseph
D:11:     layout_loops_ring, erik_orc_1, uniq_erolcha
D:12:     layout_layer_cave, nrook_guardian_serpent_double, uniq_nergalle,
          uniq_jorgrun
D:13:     layout_gridville, mainiacjoe_labyrinth_nostalgia
D:14:     layout_cave_pools, david_vaults_4, chequers_serial_rivers_micro_e,
          serial_column_ruins, column_ruins_hut_ruined, column_ruins_hut,
          column_ruins_corridor_straight, column_ruins_open_medium,
          column_ruins_open_tiny, column_ruins_corridor_straight,
          column_ruins_corridor_straight, evilmike_minifort
D:15:     hellmonk_depths_entry_around_the_bend, layout_basic,
          ebering_ghost_disaster_area, minmay_misc_feat_nine_boxes
Temple:   kb_corrupted_temple
Lair:1:   layout_misc_corridors
Lair:2:   cheibrodos_lair_river_kwai, layout_hall_layers,
          skrybe_swamp_entry_bodies, hellmonk_spider_entry_not_the_bees,
          dreamdust_gnoll_shepherd, lemuel_fruit_fields, grunt_megastairs_5
Lair:3:   layout_chaotic_city, beast_lair_carwin_9, uniq_josephine
Lair:4:   layout_hall_layers
Lair:5:   gammafunk_lair_ancient_temple, layout_regular_city, slime_entry_2,
          enter_volcano_1, worms_lemuel, uniq_sonja
Orc:1:    layout_caves, serial_shops, nicolae_shop_trees

Skill      XL: |  1  2  3  4  5  6  7  8  9 10 11 12 13 14 15 |
---------------+----------------------------------------------+-----
Fighting       | 3 4 5 7 8 9 11 12 13 | 13.6
Long Blades    | 1 2 3 4 6 7 9 11 12 13 14 15 | 15.6
Armour         | 1 2 3 4 5 6 8 |  8.0
Dodging        | 4 6 8 10 11 12 | 12.0
Invocations    | 4 6 8 9 10 | 10.0
Shields        | 6 7 |  7.1
Short Blades   | |  2.0
Stealth        | |  6.0

Action                     |  1- 3 |  4- 6 |  7- 9 | 10-12 | 13-15 | 16-18 || total
---------------------------+-------+-------+-------+-------+-------+-------++-------
  Melee: Rapier            |   108 |    52 |       |       |       |       ||   160
         Short sword       |     6 |       |       |       |       |       ||     6
         Falchion          |       |    45 |   202 |   361 |  1278 |    11 ||  1897
         Punch             |       |     1 |     3 |     1 |    14 |       ||    19
         Scimitar          |       |       |       |       |    15 |       ||    15
  Throw: Dart              |       |     4 |       |       |     1 |       ||     5
 Invoke: Ancestor Identity |       |       |     1 |       |       |       ||     1
         Ancestor Life: Ba |       |       |     1 |       |       |       ||     1
         Recall Ancestor   |       |       |       |     1 |     8 |       ||     9
         Idealise          |       |       |       |       |     2 |       ||     2
  Evoke: Wand              |       |       |     1 |       |     1 |       ||     2
    Use: Scroll            |     2 |     3 |     3 |     8 |    25 |       ||    41
         Potion            |       |     2 |       |     2 |    15 |       ||    19
   Stab: Sleeping          |    12 |     1 |       |       |       |       ||    13
         Distracted        |       |       |     2 |    14 |    22 |     1 ||    39
         Confused          |       |       |       |     1 |       |       ||     1
 Armour: Ring mail         |    52 |    22 |       |       |       |       ||    74
         Leather armour    |     2 |       |       |       |       |       ||     2
         Chain mail        |       |    54 |   235 |   257 |  1056 |    19 ||  1621
  Dodge: Dodged            |    43 |    36 |    77 |   162 |   602 |    10 ||   930
  Block: Buckler           |    24 |     7 |       |       |       |       ||    31
         Tower shield      |       |       |       |       |   412 |    17 ||   429

Table legend: (Time is in decaauts)
 A = Elapsed time spent in this place.
 B = Non-inter-level travel time spent in this place.
 C = Inter-level travel time spent in this place.
 D = Time resting spent in this place.
 E = Time spent auto-exploring this place.
 F = Levels seen in this place.
 G = Mean time per level.
                   A        B        C        D        E       F      G
               +--------+--------+--------+--------+--------+-----+--------+
         Total |  21918 |  20820 |   1098 |   1407 |  13472 |  24 |  913.2 |
       Dungeon |  14358 |  13532 |    826 |    682 |   9103 |  15 |  957.2 |
        Temple |     48 |     28 |     20 |      0 |      0 |   1 |   48.0 |
          Lair |   6147 |   5895 |    252 |     50 |   4331 |   5 | 1229.4 |
  Orcish Mines |     13 |     13 |      0 |      0 |      0 |   1 |   13.0 |
         Abyss |    768 |    768 |      0 |    400 |      0 |   1 |  768.0 |
       Volcano |    581 |    581 |      0 |    275 |     38 |   1 |  581.0 |
               +--------+--------+--------+--------+--------+-----+--------+

Top non-repeatable levels by time:
  Lair:2: 1594 daAuts
    D:13: 1536 daAuts
  Lair:3: 1402 daAuts
  Lair:5: 1355 daAuts
    D:14: 1350 daAuts
    D:10: 1173 daAuts
    D:11: 1167 daAuts
    D:12: 1107 daAuts
     D:9: 1076 daAuts
    D:15: 1003 daAuts
     D:6: 994 daAuts
  Lair:4: 954 daAuts
     D:2: 933 daAuts
     D:1: 862 daAuts
  Lair:1: 840 daAuts
